 Dungeon Crawl Stone Soup version 0.19.1 (webtiles) character file.

40649 Ladykiller69 the Severer (level 14, -1/105 HPs)
             Began as a Formicid Fighter on Dec 15, 2016.
             Was the Champion of Cheibriados.
             Slain by a catoblepas (16 damage)
             ... on level 6 of the Lair of Beasts.
             The game lasted 00:43:36 (14256 turns).

Ladykiller69 the Severer (Formicid Fighter)        Turns: 14256, Time: 00:43:39

Health: -1/105     AC: 19    Str: 37    XL:     14   Next: 45%
Magic:  16/16      EV: 11    Int: 30    God:    Cheibriados [******]
Gold:   1317       SH: 14    Dex: 25    Spells: 0 memorised, 13 levels left

rFire  . . .     SeeInvis +     r - +0 battleaxe
rCold  . . .     Gourm    .     W - +0 plate armour
rNeg   . . .     Faith    .     c - +0 shield
rPois  +         Spirit   .     (helmet unavailable)
rElec  .         Reflect  .     u - +0 cloak
rCorr  .         Harm     .     s - +2 pair of gloves
MR     +++..                    b - +0 pair of boots
Stlth  ..........               V - amulet of regeneration
                                L - ring of the Mage {Wiz MR++ Int+3}
                                q - ring of poison resistance

@: very slow
A: permanent stasis, dig shafts and tunnels, four strong arms, antennae 3
a: Dig, Shaft Self, Bend Time, Temporal Distortion, Slouch, Step From Time,
Renounce Religion


You were on level 6 of the Lair of Beasts.
You worshipped Cheibriados.
Cheibriados was exalted by your worship.
You were not hungry.

You visited 5 branches of the dungeon, and saw 20 of its levels.
You also visited: Ossuary.

You collected 1317 gold pieces.

Inventory:

Hand Weapons
 a - a +0 war axe of venom
 g - a +0 dire flail
 r - a +0 battleaxe (weapon)
Missiles
 J - 22 tomahawks
 U - 2 javelins (quivered)
Armour
 b - a +0 pair of boots (worn)
 c - a +0 shield (worn)
 s - a +2 pair of gloves (worn)
 u - a +0 cloak (worn)
 W - a +0 plate armour (worn)
Jewellery
 q - a ring of poison resistance (left hand)
 F - the amulet of Greed {Reflect rF++ rC+ MP+9 Str-2 SH+2}
   (You found it on level 5 of the Dungeon)

   [amulet of reflection]

   It shields you and reflects attacks.
   It affects your strength (-2).
   It greatly protects you from fire.
   It protects you from cold.
   It affects your magic capacity (+9).
   It affects your SH (+2).
 L - the ring of the Mage (right hand) {Wiz MR++ Int+3}
   (You found it on level 2 of the Lair of Beasts)

   [ring of wizardry]

   It improves your spell success rate.
   It affects your intelligence (+3).
   It affects your resistance to hostile enchantments.
 R - a +3 ring of dexterity {unknown}
 V - an amulet of regeneration (around neck)
Wands
 y - a wand of polymorph (12/24)
Scrolls
 h - 3 scrolls of amnesia
 i - a scroll of blinking {unknown}
 k - 8 scrolls of remove curse
 o - 3 scrolls of enchant armour {unknown}
 x - 2 scrolls of recharging
 z - 2 scrolls of vulnerability {unknown}
 D - a scroll of holy word {unknown}
 E - a scroll of summoning {unknown}
 I - a scroll of acquirement {unknown}
 M - a scroll of torment {unknown}
 O - 2 scrolls of noise {unknown}
 Q - a scroll of identify
 S - a scroll of immolation {unknown}
 X - 2 scrolls of enchant weapon {unknown}
 Y - 3 scrolls of fog {unknown}
Potions
 d - 3 potions of might
 e - 4 potions of curing
 j - 3 potions of invisibility
 n - 3 potions of brilliance
 p - a potion of cancellation
 t - 3 potions of resistance
 v - 2 potions of lignification
 w - a potion of cure mutation
 B - a potion of ambrosia
 C - 4 potions of agility
 G - a potion of beneficial mutation
 K - a potion of magic {unknown}
 P - a potion of mutation {unknown}
 Z - a potion of heal wounds
Books
 N - a book of Transfigurations

   Spells                             Type                      Level
   a - Irradiate                      Conjuration/Transmutation    5
   b - Statue Form                    Transmutation/Earth          6
   c - Hydra Form                     Transmutation                6
   d - Dragon Form                    Transmutation                7
Comestibles
 f - 12 bread rations
 l - 5 fruits
 m - 11 meat rations
 A - 9 slices of pizza
 H - a beef jerky
 T - 5 chunks of flesh


   Skills:
 + Level 8.1 Fighting
 * Level 19.1 Axes
 + Level 7.6 Armour
 + Level 3.0 Dodging
 - Level 9.3 Shields
 + Level 3.4 Invocations


You had 13 spell levels left.
You didn't know any spells.

Dungeon Overview and Level Annotations

Branches:
Dungeon (11/15)            Temple (1/1) D:4            Lair (6/6) D:9
 Shoals (0/4) Lair:4        Snake (1/4) Lair:2        Slime (0/5) Lair:5
    Orc (1/2) D:10

Altars:
Cheibriados
Dithmenos
Elyvilon
Fedhas
Gozag
Kikubaaqudgha
Nemelex Xobeh
Okawaru
Qazlal
Ru
Sif Muna
Trog
Uskayaw
Vehumet
Xom
Yredelemnul
Jiyva

Shops:
D:5 *

Annotations:
Lair:2 exclusion: oklob plant
Lair:5 1 runed door


Innate Abilities, Weirdness & Mutations

You are under a permanent stasis effect.
You can dig through walls and to a lower floor.
Your four strong arms can wield two-handed weapons with a shield.
You have a pair of large antennae on your head. (SInv)


Message History

You hit the wyvern but do no damage. The wyvern bites you.
* * * LOW HITPOINT WARNING * * *
Your plate armour prevents you from hitting the catoblepas.
The catoblepas is heavily wounded.
You hit the wyvern. The wyvern closely misses you. The catoblepas gores you!!
* * * LOW HITPOINT WARNING * * *
The wyvern bites you but does no damage.
Okay, then.
Okay, then.
Okay, then.
It was a potion of heal wounds.
You feel much better. You block the wyvern's attack. The catoblepas gores you!!
* * * LOW HITPOINT WARNING * * *
You slash the catoblepas!
The catoblepas is severely wounded.
You hit the wyvern.
You kill the wyvern!
Cheibriados thoroughly appreciates the change of pace.
The catoblepas gores you!
You die...

#.....#........##≈.≈
##..............# .≈
#....#........#.# #
#....#.P.......#.≈
#.............P#≈.P
#............... .≈
#...........
#.....#.....
#.@†.#.#....
#...Y.####..#
##.....# ...
.......P ..
...........
##P.........
#P.........
##.........


You could see a catoblepas.

Vanquished Creatures
  2 hydras
  5 death yaks (Lair:5)
  An orc high priest (Orc:1)
  The ghost of Quirk the Cleaver, a novice MiFi of Okawaru (Lair:1)
  A fire crab (Lair:5)
  An unseen horror (D:10)
  A hill giant (D:10)
  An orc sorcerer (Orc:1)
  An ugly thing (D:7)
  A mana viper (Snake:1)
  An elephant (Lair:5)
  Joseph (D:7)
  7 black mambas
  11 spiny frogs
  2 torpor snails
  A rime drake (Lair:5)
  6 komodo dragons
  3 trolls
  7 polar bears
  10 blink frogs
  7 dream sheep (Lair:4)
  3 hippogriffs
  Sigmund (D:2)
  A water elemental (Lair:4)
  A wyvern (Lair:6)
  4 hogs (D:7)
  2 spriggans (Lair:3)
  A human (D:7)
  5 basilisks
  35 yaks
  2 hungry ghosts
  Menkaure (D:6)
  4 wargs
  3 nagas
  8 water moccasins
  8 porcupines
  7 orc warriors
  2 ice beasts (D:10)
  A necrophage (D:8)
  An eye of draining (D:8)
  A sky beast (D:8)
  6 black bears
  9 wolves
  8 ogres
  3 centaurs
  10 crocodiles
  11 bullfrogs
  A water moccasin zombie (D:8)
  2 scorpions
  3 wights (D:3)
  17 killer bees
  A howler monkey (D:4)
  An electric eel (Lair:1)
  3 bullfrog zombies
  5 crimson imps
  A centaur zombie (D:8)
  2 quasits
  11 orc priests
  4 hounds
  A bullfrog skeleton (D:9)
  3 jellies
  19 orc wizards
  3 centaur skeletons
  Crazy Yiuf (D:6)
  A gnoll shaman (D:9)
  Jessica (D:2)
  Terence (D:2)
  4 iguanas
  11 worker ants
  A killer bee zombie (D:10)
  2 big kobold zombies (Ossuary)
  A hound skeleton (D:4)
  8 mummies (Ossuary)
  A worker ant zombie (D:6)
  14 gnolls
  13 adders
  2 adder zombies
  2 adder skeletons
  3 worms
  4 dart slugs
  2 leopard geckos
  65 orcs
  3 giant cockroaches
  6 goblins
  7 hobgoblins
  6 jackals
  A quokka (D:9)
  2 ball pythons (D:1)
  12 bats
  8 frilled lizards
  2 hobgoblin zombies (Ossuary)
  9 kobolds
  A kobold zombie (Ossuary)
  2 leopard gecko zombies
  3 orc zombies (Ossuary)
  A quokka skeleton (D:4)
  6 rats
  5 fungi (Lair:5)
  3 plants
500 creatures vanquished.

Vanquished Creatures (others)
  6 fungi
  A plant (Lair:1)
  14 toadstools (Lair:2)
21 creatures vanquished.

Grand Total: 521 creatures vanquished

Notes
Turn   | Place    | Note
-------+----------+-------------------------------------------
     0 | D:1      | Ladykiller69 the Formicid Fighter began the quest for the Orb.
     0 | D:1      | Reached XP level 1. HP: 18/18 MP: 1/1
    62 | D:1      | Reached XP level 2. HP: 24/24 MP: 2/2
   623 | D:2      | Reached XP level 3. HP: 29/29 MP: 3/3
   720 | D:2      | Noticed Sigmund
   733 | D:2      | Killed Sigmund
   733 | D:2      | Reached skill level 3 in Axes
   733 | D:2      | Reached skill level 5 in Shields
   733 | D:2      | Reached XP level 4. HP: 19/37 MP: 4/4
   733 | D:2      | Reached XP level 5. HP: 21/42 MP: 5/5
   733 | D:2      | Reached XP level 6. HP: 25/48 MP: 6/6
  1005 | D:2      | Noticed Jessica
  1009 | D:2      | Killed Jessica
  1289 | D:2      | Noticed Terence
  1301 | D:2      | Killed Terence
  1301 | D:2      | Reached skill level 4 in Axes
  1722 | D:3      | Reached XP level 7. HP: 50/55 MP: 7/7
  2517 | D:4      | Reached skill level 5 in Fighting
  2517 | D:4      | Reached skill level 5 in Axes
  2577 | D:4      | Found a sand-covered staircase.
  2582 | Ossuary  | Entered an ossuary
  2632 | Ossuary  | Reached skill level 5 in Armour
  2842 | Ossuary  | Reached XP level 8. HP: 58/62 MP: 8/8
  3646 | D:4      | Found a staircase to the Ecumenical Temple.
  3657 | Temple   | Entered the Ecumenical Temple
  3685 | Temple   | Became a worshipper of Cheibriados the Contemplative
  4166 | D:5      | Entered Level 5 of the Dungeon
  4176 | D:5      | Got a sparkling pewter amulet
  4555 | D:5      | Reached skill level 6 in Axes
  4665 | D:5      | Found a radiant altar of Vehumet.
  4685 | D:5      | Found Ruihyl's General Store.
  4904 | D:5      | Reached * piety under Cheibriados
  5050 | D:6      | Found a white marble altar of Elyvilon.
  5052 | D:6      | Found a stormy altar of Qazlal.
  5128 | D:6      | Found a sparkling altar of Nemelex Xobeh.
  5128 | D:6      | Noticed Menkaure
  5140 | D:6      | Killed Menkaure
  5140 | D:6      | Reached XP level 9. HP: 69/69 MP: 9/9
  5200 | D:6      | Reached skill level 7 in Axes
  5313 | D:6      | Identified Dispater's Tome of Freezing Arcane Weapons
  5437 | D:6      | Found a runed door.
  5441 | D:6      | Noticed Crazy Yiuf
  5446 | D:6      | Killed Crazy Yiuf
  5605 | D:7      | Reached ** piety under Cheibriados
  6181 | D:7      | Noticed Joseph
  6223 | D:7      | Killed Joseph
  6223 | D:7      | Reached skill level 8 in Axes
  6515 | D:7      | Found a deep blue altar of Sif Muna.
  6535 | D:7      | Found a hide-covered altar of Uskayaw.
  6540 | D:7      | Found a basalt altar of Yredelemnul.
  6804 | D:7      | Reached XP level 10. HP: 74/79 MP: 10/10
  6863 | D:7      | Reached *** piety under Cheibriados
  7024 | D:7      | Reached skill level 9 in Axes
  7244 | D:7      | Noticed a cyan ugly thing
  7259 | D:7      | Killed a cyan ugly thing
  7259 | D:7      | Reached skill level 10 in Axes
  7619 | D:8      | Identified the amulet of Greed {Reflect rF++ rC+ MP+9 Str-2 SH+2} (You found it on level 5 of the Dungeon)
  7940 | D:8      | Reached **** piety under Cheibriados
  8187 | D:8      | Reached skill level 11 in Axes
  8457 | D:8      | Reached XP level 11. HP: 72/84 MP: 11/11
  8573 | D:9      | Reached ***** piety under Cheibriados
  8589 | D:9      | Found a staircase to the Lair.
  8735 | D:9      | Found a shimmering altar of Xom.
  8927 | D:9      | Reached skill level 12 in Axes
  9002 | D:10     | Entered Level 10 of the Dungeon
  9092 | D:10     | Noticed an unseen horror
  9102 | D:10     | Killed an unseen horror
  9107 | D:10     | Noticed a hill giant
  9116 | D:10     | Killed a hill giant
  9232 | D:10     | Reached skill level 13 in Axes
  9500 | D:10     | Found a staircase to the Orcish Mines.
  9962 | Orc:1    | Entered Level 1 of the Orcish Mines
  9962 | Orc:1    | Noticed an orc sorcerer
  9966 | Orc:1    | Killed an orc sorcerer
  9969 | Orc:1    | Noticed an orc high priest
  9983 | Orc:1    | Killed an orc high priest
  9983 | Orc:1    | Reached skill level 14 in Axes
  9983 | Orc:1    | Reached XP level 12. HP: 53/91 MP: 12/12
 10118 | Lair:1   | Entered Level 1 of the Lair of Beasts
 10155 | Lair:1   | Reached ****** piety under Cheibriados
 10412 | Lair:1   | Reached skill level 15 in Axes
 10448 | Lair:1   | Noticed Quirk's ghost (novice MiFi)
 10472 | Lair:1   | Killed Quirk's ghost
 10520 | Lair:1   | Noticed an eight-headed hydra
 10752 | Lair:2   | Reached skill level 16 in Axes
 11001 | Lair:2   | Found a staircase to the Snake Pit.
 11071 | Lair:2   | Reached XP level 13. HP: 93/96 MP: 13/13
 11179 | Lair:2   | Found a blossoming altar of Fedhas.
 11805 | Snake:1  | Entered Level 1 of the Snake Pit
 11815 | Snake:1  | Reached skill level 17 in Axes
 12162 | Lair:3   | Noticed an eight-headed hydra
 12172 | Lair:3   | Killed an eight-headed hydra
 12659 | Lair:4   | Reached skill level 18 in Axes
 12708 | Lair:4   | Noticed a four-headed hydra
 12719 | Lair:4   | Killed a four-headed hydra
 13051 | Lair:4   | Found a staircase to the Shoals.
 13341 | Lair:4   | Reached XP level 14. HP: 64/103 MP: 14/14
 13497 | Lair:5   | Found a runed door.
 13497 | Lair:5   | Found a viscous altar of Jiyva.
 13497 | Lair:5   | Found a staircase to the Slime Pits.
 13497 | Lair:5   | Noticed an acid blob
 13497 | Lair:5   | Noticed an acid blob
 13554 | Lair:5   | Reached skill level 1 in Invocations
 13559 | Lair:5   | Reached skill level 1 in Dodging
 13750 | Lair:5   | Reached skill level 19 in Axes
 14184 | Lair:6   | Entered Level 6 of the Lair of Beasts
 14254 | Lair:6   | HP: 1/105 [catoblepas (25)]
 14256 | Lair:6   | Slain by a catoblepas

Skill      XL: |  1  2  3  4  5  6  7  8  9 10 11 12 13 14 |
---------------+-------------------------------------------+-----
Shields        | 4 5 6 7 9 |  9.3
Fighting       | 4 5 6 7 8 |  8.1
Axes           | 3 4 5 6 8 11 14 16 18 19 | 19.1
Armour         | 4 5 6 7 |  7.6
Invocations    | 3 |  3.4
Dodging        | 3 |  3.0

Action                   |  1- 3 |  4- 6 |  7- 9 | 10-12 | 13-15 || total
-------------------------+-------+-------+-------+-------+-------++-------
Melee: War axe           |    93 |   140 |   561 |   742 |   111 ||  1647
       Battleaxe         |       |       |       |    21 |   293 ||   314
       Dire flail        |       |       |       |       |    11 ||    11
Throw: Stone             |       |       |    12 |       |       ||    12
       Javelin           |       |       |       |     4 |     4 ||     8
Invok: Bend Time         |       |       |     3 |       |       ||     3
 Abil: Dig               |     1 |     3 |    11 |     3 |     2 ||    20
  Use: Scroll            |       |       |     6 |     9 |     4 ||    19
       Potion            |       |       |     2 |       |     1 ||     3
 Stab: Distracted        |       |       |       |       |     1 ||     1
  Eat: Chunk             |       |     4 |    12 |    12 |     7 ||    35
       Bread ration      |       |       |     1 |       |       ||     1
Armor: Scale mail        |    42 |    56 |   147 |       |       ||   245
       Chain mail        |       |       |    56 |       |       ||    56
       Plate armour      |       |       |     4 |   299 |   157 ||   460
Dodge: Dodged            |    29 |    41 |   145 |   180 |    84 ||   479
Block: Shield            |    54 |    80 |   293 |   470 |   239 ||  1136
